 Dungeon Crawl Stone Soup version 0.19-a0-684-gf760df0 (webtiles) character file.

251 Kenran the Conjurer (level 5, 0/41 HPs)
             Began as a Draconian Conjurer on June 18, 2016.
             Succumbed to a worker ant's poison
             ... on level 4 of the Dungeon.
             The game lasted 00:10:55 (4227 turns).

Kenran the Conjurer (Draconian Conjurer)            Turns: 4227, Time: 00:10:55

Health: 0/41       AC:  6    Str: 10    XL:     5   Next: 88%
Magic:  1/11       EV: 17    Int: 16    God:
Gold:   40         SH:  0    Dex: 12    Spells: 3 memorised, 6 levels left

rFire  . . .     SeeInvis .     l - -2 trident (curse)
rCold  . . .     Gourm    .     (armour unavailable)
rNeg   . . .     Faith    .     (no shield)
rPois  .         Spirit   .     (helmet restricted)
rElec  .         Dismiss  .     f - +0 cloak
rCorr  .         Reflect  .     (no gloves)
SustAt .         Harm     .     (no boots)
MR     .....                    (no amulet)
Stlth  ++........               (no ring)
                                n - +4 ring of evasion

@: lethally poisoned (0 -> -6), not resistant to hostile enchantments,
unstealthy
A: unfitting armour, cold-blooded, AC +5
a: no special abilities


You were on level 4 of the Dungeon.
You were not hungry.

You visited 1 branch of the dungeon, and saw 4 of its levels.

You collected 40 gold pieces.

Inventory:

Hand Weapons
 c - a +0 mace
 l - a cursed -2 trident (weapon)
Armour
 f - a +0 cloak (worn)
Jewellery
 n - a +4 ring of evasion (left hand)
Wands
 i - a wand of paralysis (13/24)
 m - a wand of confusion (28/48)
Scrolls
 h - a scroll of amnesia
Potions
 e - a potion of magic
 g - a potion of agility
Books
 a - a book of Conjurations

   Spells                             Type                      Level
   a - Magic Dart                     Conjuration                  1
   b - Searing Ray                    Conjuration                  2
   c - Dazzling Spray                 Conjuration/Hexes            3
   d - Fulminant Prism                Conjuration/Hexes            4
   e - Iskenderun's Mystic Blast      Conjuration                  4
   f - Iskenderun's Battlesphere      Conjuration/Charms           5
Comestibles
 b - 3 bread rations {@e1}
 d - 2 chunks of flesh
 j - a meat ration {@e1}


   Skills:
 - Level 2.0 Fighting
 + Level 2.7 Dodging
 - Level 1.7 Stealth
 - Level 4.1 Spellcasting
 - Level 5.0 Conjurations


You had 6 spell levels left.
You knew the following spells:

 Your Spells              Type           Power        Failure   Level  Hunger
a - Magic Dart            Conj           ###.         1%          1    None
b - Searing Ray           Conj           ###...       3%          2    ##.....
c - Dazzling Spray        Conj/Hex       ##....       17%         3    ###....


Dungeon Overview and Level Annotations

Branches:
Dungeon (4/15)
 Temple: D:4-7

Altars:
Dithmenos
Nemelex Xobeh
Xom

Annotations:
D:3 Sigmund
D:4 exclusion: ogre


Innate Abilities, Weirdness & Mutations

Your plain brown scales are hard. (AC +5)
Your body does not fit into most forms of armour.
You are cold-blooded and may be slowed by cold attacks.


Message History

You feel sick.
You see here a worker ant corpse.
You butcher the worker ant corpse.
* * * LOW HITPOINT WARNING * * *
You feel sick.
You see here 2 chunks of flesh.
d - 2 chunks of flesh
* * * LOW HITPOINT WARNING * * *
You feel sick.
* * * LOW HITPOINT WARNING * * *
You feel sick.
* * * LOW HITPOINT WARNING * * *
You feel sick.
* * * LOW HITPOINT WARNING * * *
You feel sick.
You see here a scroll of amnesia.
h - a scroll of amnesia
* * * LOW HITPOINT WARNING * * *
You feel sick.
You die...

≈≈P≈### #.........#
≈≈≈.# #.........# .≈..#
#.........##
....######..........#
........##..........####
#.......................
###.....................
##.###.#.###..=.......
#.# #.#.# #..@.......
#.###.#.###.......(..
#.....#..............
#.#########..........
#.....#..........!...
####.###.#.###..........
...<.# #.#.# #..........
.....###.#.###.#........
##...).........#...##.#


There were no monsters in sight!

Vanquished Creatures
  A centaur skeleton (D:4)
  2 orc wizards
  2 worker ants (D:4)
  Robin (D:2)
  3 adders
  An ooze (D:2)
  An adder skeleton (D:4)
  A worm (D:3)
  A dart slug (D:3)
  3 giant geckos
  2 orcs
  A ball python (D:3)
  2 giant cockroaches
  13 goblins
  8 hobgoblins
  6 kobolds
  3 quokkas
  8 bats
  A giant newt (D:1)
  8 rats
68 creatures vanquished.

Notes
Turn   | Place    | Note
--------------------------------------------------------------
     0 | D:1      | Kenran the Draconian Conjurer began the quest for the Orb.
     0 | D:1      | Reached XP level 1. HP: 14/14 MP: 3/3
   268 | D:1      | Reached XP level 2. HP: 12/20 MP: 5/5
   976 | D:1      | Learned a level 2 spell: Searing Ray
  1173 | D:2      | Reached XP level 3. HP: 27/27 MP: 4/7
  1270 | D:2      | Reached skill level 1 in Fighting
  1370 | D:2      | Learned a level 3 spell: Dazzling Spray
  1838 | D:3      | Found a shimmering altar of Xom.
  1959 | D:3      | Found a shadowy altar of Dithmenos.
  2285 | D:3      | Found a sparkling altar of Nemelex Xobeh.
  2345 | D:3      | Reached XP level 4. HP: 36/36 MP: 3/8
  2566 | D:3      | Noticed Sigmund
  2590 | D:3      | Noticed Robin
  2789 | D:2      | Killed Robin
  3374 | D:4      | Reached skill level 5 in Conjurations
  3441 | D:4      | Noticed an ogre
  3493 | D:4      | Reached XP level 5. HP: 12/41 MP: 1/10
  4224 | D:4      | HP: 2/41 [poisoned by a worker ant]
  4227 | D:4      | Succumbed to a worker ant's poison

Vault maps used:
D:1:      dpeg_arrival_fog
D:2:      wad_lake_hut
D:3:      lemuel_doored_altar, xom_teletrap_fun, wad_floor_pattern_2,
          roderic_chinese_pattern_swastika, corexii_corridor_pit,
          nemelex_diamond_rough_becter, uniq_sigmund, uniq_robin
D:4:      tgw_trog, zin_angel, first_bread, minmay_misc_feat_cross,
          minmay_misc_feat_enclosed, serial_bayou_ford_a,
          minmay_misc_feat_diagonals, fountainhead, lexackson_kobold_supper,
          uniq_edmund

Skill      XL: |  1  2  3  4  5 |
---------------+----------------+-----
Spellcasting   | 3 4 |  4.1
Dodging        | 2 |  2.7
Fighting       | 2 |  2.0
Conjurations   | 5 |  5.0
Stealth        | |  1.7

Action                   |  1- 3 |  4- 6 || total
-------------------------+-------+-------++-------
Melee: Mace              |    45 |     9 ||    54
       Tailslap          |     3 |     3 ||     6
       Trident           |       |    29 ||    29
 Cast: Magic Dart        |    58 |    96 ||   154
       Dazzling Spray    |     1 |       ||     1
       Searing Ray       |       |     4 ||     4
  Use: Scroll            |     5 |     1 ||     6
       Potion            |       |     4 ||     4
  Eat: Chunk             |     2 |     2 ||     4
       Bread ration      |     1 |     1 ||     2
Armor: Skin              |    29 |    30 ||    59
Dodge: Dodged            |    83 |    95 ||   178
